 Dungeon Crawl Stone Soup version 0.25-a0-565-g8875c97ebb (webtiles) character file.

Game seed: 17287988489016468928, levelgen mode: classic

195925 EnegeticOcto the Pandemonic (level 17, -8/182 HPs)
             Began as a Deep Dwarf Fighter on Feb 26, 2020.
             Was a High Priest of Makhleb.
             Mangled by an ogre
             ... wielding a +0 giant club
             ... led by an ironheart preserver
              (10 damage)
             ... on level 2 of the Vaults.
             The game lasted 00:16:42 (18437 turns).

EnegeticOcto the Pandemonic (Deep Dwarf Fighter)   Turns: 18437, Time: 00:16:42

Health: -8/182     AC: 21    Str: 40    XL:     17   Next: 32%
Magic:  7/7        EV: 11    Int: 11    God:    Makhleb [*****.]
Gold:   1212       SH: 26    Dex: 12    Spells: 16/16 levels left

rFire    . . .     SeeInvis +   a - +0 broad axe (vorpal)
rCold    . . .     Gourm    .   O - +3 tower shield
rNeg     + . .     Faith    .   d - +7 chain mail of Nobility {*Drain Str+6 SInv Stlth+}
rPois    +         Spirit   .   s - +0 helmet
rElec    .         Reflect  .   (no cloak)
rCorr    .         Harm     .   t - +0 pair of gloves
MR       ++...                  M - +0 pair of boots of Absence {*Contam Str+9}
Stlth    ..........             r - amulet of the acrobat
HPRegen  0.00/turn              b - ring "Memoff" {+Blink rPois}
MPRegen  0.10/turn              l - +3 ring of slaying

@: marked, corroded, non-regenerating, drained
A: damage resistance, heal wounds, icy blue scales 1, negative energy resistance
1, sense surroundings 2, robust 1, subdued magic 1, no regeneration
}: 2/15 runes: decaying, gossamer
a: Heal Wounds, Minor Destruction, Lesser Servant of Makhleb, Major Destruction,
Greater Servant of Makhleb, Renounce Religion, Evoke Blink


You were on level 2 of the Vaults.
You worshipped Makhleb.
Makhleb was extremely pleased with you.
You were not hungry.

You visited 7 branches of the dungeon, and saw 33 of its levels.

You collected 2310 gold pieces.
You spent 1098 gold pieces at shops.

Inventory:

Hand Weapons
 a - a +0 vorpal broad axe (weapon)
 D - a +0 broad axe of draining
Missiles
 o - 3 throwing nets (quivered)
Armour
 d - the +7 chain mail of Nobility (worn) {*Drain Str+6 SInv Stlth+}
   (You found it on level 6 of the Dungeon)

   It affects your strength (+6).
   It lets you see invisible.
   It causes draining when unequipped.
   It makes you more stealthy.
   If you remove this armour, your AC will decrease by 19 (21 -> 2).
 s - a +0 helmet (worn)
 t - a +0 pair of gloves (worn)
 M - the +0 pair of boots of Absence (worn) {*Contam Str+9}
   (You bought it in a shop on level 2 of the Orcish Mines)

   It affects your strength (+9).
   It causes magical contamination when unequipped.
   If you remove this armour, your AC will decrease by 1 (21 -> 20).
 O - a +3 tower shield (worn)
Jewellery
 b - the ring "Memoff" (left hand) {+Blink rPois}
   (You found it on level 5 of the Dungeon)

   [ring of poison resistance]

   It protects you from poison.
   It lets you blink.
 c - an uncursed ring of resist corrosion
 l - a +3 ring of slaying (right hand)
 r - an amulet of the acrobat (around neck)
Wands
 x - a wand of acid (9) {@v1}
 y - a wand of scattershot (6)
 A - a wand of polymorph (16)
 J - a wand of iceblast (6)
 L - a wand of digging (5) {@v2}
 N - a wand of clouds (8)
Scrolls
 h - 8 scrolls of teleportation {@r2}
 p - 2 scrolls of fog
 q - 2 scrolls of summoning
 w - 4 scrolls of remove curse {@r6}
 C - 3 scrolls of magic mapping {@r5}
 G - a scroll of fear
 H - 2 scrolls of immolation {@r4}
Potions
 f - 4 potions of curing {@q1}
 g - 3 potions of invisibility
 i - 6 potions of heal wounds {@q2}
 j - 2 potions of stabbing {@q5}
 k - 4 potions of might {@q3}
 m - 4 potions of resistance {@q6}
 n - 4 potions of haste {@q4}
 u - 2 potions of degeneration {unknown}
 v - 2 potions of magic
 z - 3 potions of flight
 E - a potion of berserk rage
 F - 4 potions of lignification {@q7}
 I - 2 potions of mutation
 K - 2 potions of ambrosia
Comestibles
 e - 26 rations
 B - 19 chunks of flesh


   Skills:
 * Level 14.3(13.4) Fighting
 * Level 16.3(15.3) Axes
 + Level 12.4(11.5) Armour
 - Level 8.8(8.0) Dodging
 * Level 14.6(13.7) Shields
 * Level 17.1(16.2) Invocations


You had 16 spell levels left.
You didn't know any spells.
Your spell library was empty.

Dungeon Overview and Level Annotations

Branches:
Dungeon (15/15)            Temple (1/1) D:4            Lair (5/6) D:11
  Swamp (4/4) Lair:2       Spider (4/4) Lair:4        Slime (0/5) Lair:5
    Orc (2/2) D:11            Elf (0/3) Orc:2        Vaults (2/5) D:14
  Crypt (0/3) Vaults:2     Depths (0/5) D:15

Altars:
Ashenzari
Cheibriados
Dithmenos
Elyvilon
Fedhas
Hepliaklqana
Kikubaaqudgha
Makhleb
Okawaru
Qazlal
Sif Muna
Vehumet
Xom
Yredelemnul
Zin
The Shining One
Beogh
Jiyva

Shops:
D:6 :   D:7 *   D:11 ?   Orc:2 *([=

Annotations:
D:9 5 runed translucent doors
Lair:2 exclusion: oklob plant
Lair:5 1 runed translucent door


Innate Abilities, Weirdness & Mutations

You are resistant to damage.
You can heal yourself by infusing magical energy.
You resist negative energy. (rN+)
You passively map the area around you.
You do not regenerate.
You are partially covered in icy blue scales. (AC +2)
You are robust. (+10% HP)
Your spells are a little easier to cast, but a little less powerful.


Message History

Your shield prevents you from hitting the ironheart preserver.
The orc warrior hits you but does no damage.
You block the deep elf knight's attack. You block the ogre mage's attack.
You block the ironbrand convoker's attack.
The ironheart preserver hits you with a +0 flail.
The vault warden hits you with a +2 great sword of draining!
You partially resist.
You feel drained.
Some of the chunks of flesh in your inventory have rotted away.
You miss the deep elf knight.
The deep elf knight is severely wounded.
You hit the vault warden but do no damage.
The tengu reaver blocks your attack.
You hit the ironheart preserver but do no damage.
You slash the orc warrior! You block the tengu reaver's attack.
The tengu reaver pecks you but does no damage.
The tengu reaver claws you but does no damage.
You block the deep elf knight's attack. The ogre mage misses you.
You block the ironheart preserver's attack.
You block the ironbrand convoker's attack.
A demon appears!
It doesn't seem very happy.
The vault warden hits you with a +2 great sword of draining!
You partially resist.
You feel drained. You block the tengu reaver's attack. x2
The tengu reaver claws you but does no damage.
The deep elf knight hits you with a +0 short sword.
You block the ogre mage's attack.
A demon appears!
You block the ironheart preserver's attack.
The ironbrand convoker casts a spell at the ogre.
The ogre seems to grow stronger.
The deep elf archer unwields a +0 shortbow.
The deep elf archer wields a +3 dagger.
You block the deep elf archer's attack. The orc warrior closely misses you.
You block the vault warden's attack.
The deep elf knight hits you but does no damage.
You block the ogre mage's attack.
The tengu reaver hits you with a +0 war axe.
* * * LOW HITPOINT WARNING * * *
The tengu reaver hits your green death with a +0 war axe!!
The tengu reaver barely misses you. The tengu reaver claws you!
* * * LOW HITPOINT WARNING * * *
You feel much better. You block the ogre's attack.
The ironbrand convoker gestures at the balrug while chanting.
The balrug seems to grow stronger.
The ironheart preserver hits you but does no damage.
You block the deep elf knight's attack. You block the ogre mage's attack.
The deep elf archer barely misses you.
The orc warrior hits you with a +0 mace.
The vault warden activates a sealing rune.
The tengu reaver closely misses you.
The tengu reaver hits your green death with a +0 war axe!!
You block the tengu reaver's attack.
The tengu reaver claws you but does no damage.
Your green death hits the vault warden!
You feel much better.
You block the ironbrand convoker's attack.
You block the ogre's attack. The deep elf knight barely misses you.
The ogre mage closely misses you.
You block the ironheart preserver's attack.
The deep elf archer blinks!
The vault warden hits you with a +2 great sword of draining!
You partially resist.
You feel drained.
The orc warrior hits you but does no damage.
Your green death hits the vault warden.
The tengu reaver hits you with a +0 war axe!!
* * * LOW HITPOINT WARNING * * *
The tengu reaver hits your green death with a +0 war axe!!
Your green death dies!
You block the tengu reaver's attack. x2
You feel much better.
The deep elf knight points at you and mumbles some strange words.
The lance of force hits you!
* * * LOW HITPOINT WARNING * * *
You are knocked back by the lance of force.
You collide with the ogre!
You block the ogre mage's attack.
The ironbrand convoker closely misses you.
The ogre hits you with a +0 giant club!!
* * * LOW HITPOINT WARNING * * *
You block the ironheart preserver's attack.
The orc warrior closely misses you.
The vault warden hits you with a +2 great sword of draining!
* * * LOW HITPOINT WARNING * * *
You partially resist.
You feel drained.
You feel much better. The tengu reaver casts a spell at you.
The bolt of acid hits you!!
* * * LOW HITPOINT WARNING * * *
The acid corrodes you!
You are splashed with acid!
* * * LOW HITPOINT WARNING * * *
The bolt of acid hits the orc warrior!!
The orc warrior is splashed with acid.
The acid corrodes the orc warrior!
The orc warrior dies!
The battlesphere fires!
The barrage of energy hits you!
* * * LOW HITPOINT WARNING * * *
You block the deep elf knight's attack. You block the ogre mage's attack.
The deep elf archer blinks!
The ironbrand convoker hits you from afar with a +0 glaive.
* * * LOW HITPOINT WARNING * * *
You block the ironheart preserver's attack.
The ogre hits you with a +0 giant club!
You die...

#......#.#######,, * ,
#......#......... .. , ,
#......###########+###+#
** * #......# #####.....#
#......# #.........#
#......# #....*..#.#
#......# #.........#
#####+########.)§p...).#
#...........#(e@O2e#..
#...#####)..+(p(Qp....#**
* #.###...###.#..(§O..#..
#.#.......#.#####.#....
#.#..)>...#.# ......
#.#.......#.# ..#...,
#.###.).###.# .. ..
#...##'##...# ..., ,
#...........#


You could see an ironheart preserver, a vault warden, a tengu reaver, a balrug,
an ogre mage (invisible), a deep elf archer, a deep elf knight, an ironbrand
convoker, an ogre and a battlesphere.

Vanquished Creatures
  Margery (Vaults:2)
  Arachne (Spider:3)
  Frances (Swamp:2)
  Kirke (Spider:3)
  A revenant (Vaults:2)
  2 ghost moths
  An orc warlord (Orc:2)
  A vault warden (Vaults:2)
  3 emperor scorpions
  An ironheart preserver (Vaults:2)
  2 entropy weavers (Spider:2)
  Azrael (D:14)
  The ghost of Tenar the Thaumaturge, a journeyman GnEE of Gozag (Lair:4)
  An eidolon (Vaults:2)
  A deep elf death mage (Vaults:2)
  A fire dragon (D:15)
  A yaktaur captain (Vaults:2)
  3 ice dragons (Swamp:4)
  A shambling mangrove (Swamp:3)
  3 hydras
  3 ghost crabs
  A catoblepas (D:14)
  6 two-headed ogres
  A tengu warrior (D:14)
  4 centaur warriors
  2 dancing weapons (D:14)
  A queen ant (D:11)
  3 alligators
  An ogre mage (Vaults:2)
  4 spriggans
  4 orc high priests
  3 deep elf knights (Vaults:2)
  4 hell knights (Vaults:2)
  A swamp dragon (Swamp:4)
  3 wizards (Vaults:2)
  3 unseen horrors
  2 spriggan druids (Swamp:4)
  2 ironbrand convokers (Vaults:2)
  6 orc knights
  2 necromancers (Vaults:2)
  A sphinx zombie (Vaults:2)
  4 deep elf magi
  A wolf spider zombie (D:14)
  18 wolf spiders
  2 orc sorcerers
  8 ugly things
  6 orb spiders
  2 cyclopes
  A manticore (D:12)
  3 centaur zombies
  A moth of wrath (Spider:2)
  3 black mambas
  A vault sentinel (Vaults:2)
  3 torpor snails
  7 spiny frogs
  2 komodo dragons
  7 yaktaurs
  13 demonic crawlers
  5 freezing wraiths
  A yaktaur skeleton (Vaults:2)
  2 efreet (D:14)
  A tengu conjurer (D:14)
  8 trolls
  3 meliai (D:13)
  21 jumping spiders
  A queen bee (D:9)
  14 hornets
  4 blink frogs
  2 bog bodies (Swamp:1)
  7 tyrant leeches
  7 hippogriffs
  A meliai zombie (D:12)
  13 slime creatures
  A shadow (D:15)
  2 wraiths
  67 redbacks
  19 tarantellas
  3 wyverns
  Eustachio (D:6)
  19 yaks
  5 vampire mosquitoes
  A steam dragon (D:11)
  5 fire elementals (D:14)
  5 basilisks
  2 chaos spawn (D:10)
  3 hungry ghosts
  2 hogs (Spider:3)
  3 swamp worm simulacra (Swamp:4)
  4 wargs
  7 insubstantial wisps
  6 swamp worms
  8 soldier ants
  9 hydra simulacra (Swamp:4)
  2 hell hounds (D:14)
  8 porcupines
  2 water moccasins
  An acid dragon (D:15)
  A black bear (D:12)
  37 orc warriors
  3 ice beasts
  8 sky beasts
  6 eyes of draining
  A swamp drake (Swamp:2)
  5 boggarts (D:14)
  5 wolves (Lair:2)
  14 ogres
  23 centaurs
  A human skeleton (Vaults:2)
  7 crocodiles
  A big kobold (D:10)
  18 bullfrogs
  A wyvern skeleton (D:14)
  A scorpion (D:10)
  27 wights
  31 killer bees (D:9)
  4 electric eels
  5 howler monkeys
  6 crimson imps
  2 quasits
  A bullfrog zombie (D:11)
  3 hounds
  22 orc wizards
  A bullfrog skeleton (D:10)
  25 orc priests
  5 centaur skeletons
  7 iguanas
  30 worker ants
  A howler monkey zombie (D:7)
  A howler monkey skeleton (D:9)
  11 gnolls
  9 adders
  10 shadow imps
  12 white imps (D:14)
  An ooze (D:5)
  A swamp drake simulacrum (Swamp:4)
  An adder skeleton (D:8)
  A worm (D:2)
  5 leopard geckos
  99 orcs
  5 bats
  4 giant cockroaches
  3 goblins (D:2)
  2 hobgoblins (D:2)
  20 jackals
  7 kobolds
  2 quokkas
  2 ball pythons
  A frilled lizard (D:2)
  A jackal skeleton (D:5)
  A quokka skeleton (D:6)
  4 rats
  2 fungi
  9 plants
958 creatures vanquished.

Vanquished Creatures (collateral kills)
  A deep elf sorcerer (Vaults:1)
  Louise (Spider:3)
  A ghost moth (Spider:4)
  2 vault wardens
  2 emperor scorpions (Spider:4)
  Aizul (Spider:1)
  An ironheart preserver (Vaults:1)
  A stone giant (Orc:2)
  2 deep elf annihilators (Vaults:1)
  A spark wasp (Spider:4)
  A yaktaur captain (Vaults:1)
  A fire dragon (D:15)
  A rakshasa (Vaults:2)
  3 hydras
  An ice dragon (Swamp:4)
  A ghost crab (Swamp:1)
  2 alligators (Swamp:1)
  2 orc high priests (Orc:2)
  A deep elf knight (Vaults:2)
  3 orc knights (Orc:2)
  A deep elf mage (Vaults:2)
  8 orb spiders
  2 wolf spiders
  A cyclops (Orc:2)
  A vault sentinel (Vaults:2)
  2 freezing wraiths (Swamp:4)
  4 demonic crawlers
  A troll (Orc:2)
  8 jumping spiders
  2 hornets (Spider:4)
  2 blink frogs (Swamp:1)
  A tarantella (Spider:3)
  4 redbacks (Spider:4)
  2 wargs (Orc:2)
  2 swamp worms
  4 hydra simulacra (Swamp:4)
  13 orc warriors (Orc:2)
  3 ogres (Orc:2)
  3 orc priests (Orc:2)
  2 orc wizards (Orc:2)
  6 orcs (Orc:2)
  A fungus (Lair:4)
102 creatures vanquished.

Vanquished Creatures (others)
  A hydra (Swamp:1)
  A demonic crawler (Spider:3)
  A tyrant leech (Swamp:4)
  A hornet (Swamp:4)
  A human (Spider:3)
  A water moccasin (D:12)
  A swamp drake (Swamp:1)
  An orc warrior (Vaults:2)
  9 fungi
  29 plants
46 creatures vanquished.

Grand Total: 1106 creatures vanquished

Notes
Turn   | Place    | Note
-------+----------+-------------------------------------------
     0 | D:1      | EnegeticOcto the Deep Dwarf Fighter began the quest for the
                  | Orb.
     0 | D:1      | Reached XP level 1. HP: 20/20 MP: 1/1
   177 | D:2      | Reached XP level 2. HP: 25/28 MP: 2/2
   283 | D:2      | Reached XP level 3. HP: 33/34 MP: 3/3
   632 | D:3      | Reached skill level 1 in Dodging
   648 | D:4      | Reached XP level 4. HP: 32/42 MP: 4/4
   669 | D:4      | Reached XP level 5. HP: 28/49 MP: 5/5
   753 | D:4      | Found a staircase to the Ecumenical Temple.
   772 | Temple   | Entered the Ecumenical Temple
   781 | Temple   | Became a worshipper of Makhleb the Destroyer
   939 | D:4      | Reached skill level 1 in Invocations
  1490 | D:5      | Entered Level 5 of the Dungeon
  1581 | D:5      | Noticed a sky beast
  1601 | D:5      | Killed a sky beast
  1601 | D:5      | Reached XP level 6. HP: 57/57 MP: 6/6
  1889 | D:5      | Reached skill level 2 in Invocations
  1919 | D:5      | Reached XP level 7. HP: 60/66 MP: 7/7
  2323 | D:5      | Got an ancient platinum ring
  2466 | D:6      | Identified the ring "Memoff" {+Blink rPois} (You found it
                  | on level 5 of the Dungeon)
  2475 | D:6      | Gained mutation: You are robust. (+10% HP) [potion of
                  | mutation]
  2475 | D:6      | Gained mutation: You are partially covered in icy blue
                  | scales. (AC +2) [potion of mutation]
  2557 | D:6      | Got a translucent chain mail
  2568 | D:6      | Identified the +7 chain mail of Nobility {*Drain Str+6 SInv
                  | Stlth+} (You found it on level 6 of the Dungeon)
  2596 | D:6      | Reached skill level 5 in Axes
  2632 | D:6      | Found a glowing golden altar of the Shining One.
  2651 | D:6      | Reached * piety under Makhleb
  2718 | D:6      | Noticed Eustachio
  2725 | D:6      | Killed Eustachio
  2725 | D:6      | Reached skill level 5 in Fighting
  2725 | D:6      | Reached skill level 3 in Invocations
  2780 | D:6      | Reached XP level 8. HP: 63/81 MP: 8/8
  2798 | D:6      | Reached skill level 5 in Shields
  2811 | D:6      | Found Hiloyba's Book Shoppe.
  2958 | D:7      | Noticed an unseen horror
  2967 | D:7      | Killed an unseen horror
  2967 | D:7      | Reached skill level 5 in Armour
  2967 | D:7      | Reached skill level 4 in Invocations
  3147 | D:7      | Reached ** piety under Makhleb
  3161 | D:7      | Found Niciaplel's Assorted Antiques.
  3577 | D:7      | Gained mutation: You passively map the area around you.
                  | [Deep Dwarf growth]
  3577 | D:7      | Reached XP level 9. HP: 60/90 MP: 10/10
  3781 | D:8      | Noticed a two-headed ogre
  3796 | D:8      | Killed a two-headed ogre
  3796 | D:8      | Reached skill level 5 in Invocations
  3943 | D:8      | Reached skill level 5 in Dodging
  4640 | D:9      | Found the +9 staff of Olgreb {rPois∞}
  4644 | D:9      | Found a runed translucent door.
  4688 | D:9      | Found a runed translucent door.
  4693 | D:9      | Found a runed translucent gate.
  4693 | D:9      | Found a runed translucent gate.
  4723 | D:9      | Found a runed translucent gate.
  4743 | D:9      | Noticed a queen bee
  4764 | D:9      | Killed a queen bee
  4764 | D:9      | Reached XP level 10. HP: 83/103 MP: 12/12
  4769 | D:9      | Reached skill level 6 in Invocations
  4811 | D:9      | Reached *** piety under Makhleb
  4897 | D:9      | You fall into a shaft and drop 1 floor!
  4897 | D:10     | Entered Level 10 of the Dungeon
  4920 | D:10     | Found the +7 mace of Variability {chain chaos}
  4921 | D:10     | Found a shimmering altar of Xom.
  5542 | D:10     | Found a shimmering altar of Xom.
  5955 | D:10     | Reached **** piety under Makhleb
  5956 | D:10     | Reached skill level 7 in Invocations
  6263 | D:11     | Noticed an orc knight
  6297 | D:11     | Killed an orc knight
  6297 | D:11     | Reached XP level 11. HP: 114/114 MP: 14/14
  6327 | D:11     | Found a staircase to the Lair.
  6455 | D:11     | Found Roowi's Magic Scroll Emporium.
  6476 | D:11     | Bought a scroll of magic mapping for 56 gold pieces
  6525 | D:11     | Noticed a green ugly thing
  6539 | D:11     | Killed a green ugly thing
  6607 | D:11     | Reached skill level 10 in Axes
  6650 | D:11     | Found a staircase to the Orcish Mines.
  6764 | D:11     | Noticed a queen ant
  6770 | D:11     | Reached ***** piety under Makhleb
  6799 | D:11     | Killed a queen ant
  6799 | D:11     | Reached skill level 8 in Invocations
  7253 | Lair:1   | Entered Level 1 of the Lair of Beasts
  7360 | Lair:2   | Noticed an oklob plant
  7657 | Lair:2   | Reached skill level 9 in Invocations
  7869 | Lair:2   | Found a staircase to the Swamp.
  7978 | Lair:2   | Reached XP level 12. HP: 118/126 MP: 15/15
  8381 | Lair:3   | You fall into a shaft and drop 1 floor!
  8976 | Lair:4   | Reached skill level 10 in Fighting
  8984 | Lair:4   | You fall into a shaft and drop 1 floor!
  9054 | Lair:5   | Found a runed translucent door.
  9054 | Lair:5   | Found a viscous altar of Jiyva.
  9054 | Lair:5   | Noticed an acid blob
  9055 | Lair:5   | Noticed an acid blob
  9055 | Lair:5   | Noticed an acid blob
  9056 | Lair:5   | Found a staircase to the Slime Pits.
  9186 | Lair:4   | Found a hole to the Spider Nest.
  9219 | Lair:4   | Reached skill level 10 in Invocations
  9247 | Lair:4   | Found a runed translucent gate.
  9248 | Lair:4   | Found a runed translucent gate.
  9248 | Lair:4   | Found a runed translucent gate.
  9249 | Lair:4   | Noticed a 14-headed hydra
  9249 | Lair:4   | Noticed an 11-headed hydra
  9250 | Lair:4   | Noticed Tenar's ghost (journeyman GnEE)
  9250 | Lair:4   | Noticed a nine-headed hydra
  9415 | Lair:4   | Killed a 14-headed hydra
  9426 | Lair:4   | Killed a 12-headed hydra
  9441 | Lair:4   | Killed Tenar's ghost
  9443 | Lair:4   | Killed a 16-headed hydra
 10680 | D:12     | Found a roughly hewn altar of Beogh.
 10686 | D:12     | Reached XP level 13. HP: 125/136 MP: 15/15
 10712 | D:12     | Reached skill level 11 in Invocations
 11753 | D:14     | Reached skill level 10 in Shields
 11753 | D:14     | Reached skill level 12 in Invocations
 12089 | D:14     | Identified the cursed +1 shortbow "Biseh" {venom, MP-9
                  | Str+8 Dex+2 Stlth+}
 12278 | D:14     | Noticed Azrael
 12296 | D:14     | Killed Azrael
 12586 | D:14     | Found a gate to the Vaults.
 12761 | D:15     | Entered Level 15 of the Dungeon
 12928 | D:15     | Reached ****** piety under Makhleb
 13024 | D:15     | Reached skill level 10 in Armour
 13024 | D:15     | Gained mutation: You resist negative energy. (rN+) [Deep
                  | Dwarf growth]
 13024 | D:15     | Reached XP level 14. HP: 148/148 MP: 14/14
 13698 | D:15     | Found a staircase to the Depths.
 13925 | Orc:1    | Entered Level 1 of the Orcish Mines
 13929 | Orc:1    | Reached skill level 13 in Invocations
 14252 | Orc:1    | Found a roughly hewn altar of Beogh.
 14496 | Orc:2    | Entered Level 2 of the Orcish Mines
 14496 | Orc:2    | Found Apsikhot's Antique Weapon Boutique.
 14558 | Orc:2    | Noticed a stone giant
 14569 | Orc:2    | Noticed an orc warlord
 14573 | Orc:2    | Killed a stone giant
 14594 | Orc:2    | Killed an orc warlord
 14641 | Orc:2    | Found Puddekk's Antique Armour Boutique.
 14659 | Orc:2    | Bought a smoking war axe for 246 gold pieces
 14810 | Orc:2    | Found Gesi's General Store.
 14818 | Orc:2    | Bought a scroll of teleportation for 42 gold pieces
 14818 | Orc:2    | Bought a potion of resistance for 140 gold pieces
 14818 | Orc:2    | Bought a potion of haste for 140 gold pieces
 14866 | Orc:2    | Bought a pair of ancient boots for 237 gold pieces
 14866 | Orc:2    | Bought a twisted cloak for 237 gold pieces
 14876 | Orc:2    | Identified the +0 pair of boots of Absence {*Contam Str+9}
                  | (You bought it in a shop on level 2 of the Orcish Mines)
 14881 | Orc:2    | Identified the cursed -5 cloak of Gluttony {rN++ rCorr
                  | Dex+3} (You bought it in a shop on level 2 of the Orcish
                  | Mines)
 14887 | Orc:2    | Identified the +1 war axe "Bihyduut" {vorpal, *Contam rElec
                  | rN+ Str+7} (You bought it in a shop on level 2 of the
                  | Orcish Mines)
 14895 | Orc:2    | Found Usot's Jewellery Emporium.
 14921 | Orc:2    | Gained mutation: Your spells are a little easier to cast,
                  | but a little less powerful. [mutagenic glow]
 14972 | Orc:2    | Found a staircase to the Elven Halls.
 15276 | Spider:1 | Entered Level 1 of the Spider Nest
 15292 | Spider:1 | Noticed an emperor scorpion
 15301 | Spider:1 | Noticed Aizul
 15302 | Spider:1 | Reached skill level 14 in Invocations
 15314 | Spider:1 | Killed an emperor scorpion
 15327 | Spider:1 | Killed Aizul
 15327 | Spider:1 | Reached XP level 15. HP: 104/160 MP: 11/11
 15677 | Spider:2 | Noticed a ghost moth
 15687 | Spider:2 | Killed a ghost moth
 16021 | Spider:2 | Got a sapphire-encrusted plate armour
 16041 | Spider:3 | Noticed Kirke
 16042 | Spider:3 | Noticed Louise
 16044 | Spider:3 | Noticed Arachne
 16054 | Spider:3 | Noticed a sphinx
 16058 | Spider:3 | Killed Kirke
 16077 | Spider:3 | Reached skill level 15 in Invocations
 16088 | Spider:3 | Killed Arachne
 16096 | Spider:3 | Killed Louise
 16387 | Spider:4 | Entered Level 4 of the Spider Nest
 16430 | Spider:4 | Reached skill level 15 in Axes
 16457 | Spider:4 | Noticed a ghost moth
 16461 | Spider:4 | Noticed a ghost moth
 16463 | Spider:4 | Killed a ghost moth
 16463 | Spider:4 | Reached XP level 16. HP: 137/172 MP: 0/13
 16508 | Spider:4 | Got a gossamer rune of Zot
 16690 | Swamp:1  | Entered Level 1 of the Swamp
 16967 | Swamp:1  | Identified the +5 plate armour of Keol {rN+ Int+4 SInv}
                  | (You found it on level 2 of the Spider Nest)
 16977 | Swamp:2  | Noticed Frances
 16984 | Swamp:2  | Killed Frances
 17102 | Swamp:2  | Reached skill level 16 in Invocations
 17243 | Swamp:4  | Entered Level 4 of the Swamp
 17363 | Swamp:4  | Got a decaying rune of Zot
 17947 | Vaults:1 | Entered Level 1 of the Vaults
 18203 | Vaults:2 | Reached XP level 17. HP: 182/182 MP: 10/10
 18257 | Vaults:2 | Noticed Margery
 18296 | Vaults:2 | Killed Margery
 18329 | Vaults:2 | Found a staircase to the Crypt.
 18373 | Vaults:2 | Reached skill level 17 in Invocations
 18437 | Vaults:2 | HP: 4/182 [battlesphere[Sojobo] (12)]
 18437 | Vaults:2 | Mangled by an ogre

Levels and vault maps discovered:
D:1:      doesnt_arrival_eight_statues, layout_loops_ring
D:2:      layout_loops_ring
D:3:      layout_basic, nicolae_ru_path_of_blood, first_ration,
          minmay_fractal_squares_gapless_5, uniq_crazy_yiuf_cottage
D:4:      layout_basic, minmay_temple_entry_gardened_gates
D:5:      layout_basic
D:6:      layout_basic, serial_shops, shop, nicolae_tso_carved_into_rock,
          uniq_eustachio
D:7:      layout_gridville, serial_shops, shop, grunt_ogre_cave
D:8:      layout_basic
D:9:      layout_roguey [special_room_bee],
          minmay_guarded_unrand_staff_of_olgreb
D:10:     layout_cave_pods, basic_altar, minmay_guarded_unrand_variability
D:11:     layout_irregular_city, lair_entry_dummy, david_orc_4, serial_shops,
          shop_statue, zaba_antful_of_joy
D:12:     layout_small_grid, special_room [special_room_orc]
D:13:     layout_basic, serial_shops, shop
D:14:     layout_basic, erik_vaults_1, serial_bayou_lagoon_a,
          portal_ice_cave_entry_imps, serial_bayou_pond_b, uniq_azrael
D:15:     grunt_enter_depths_hoard, layout_loops_corners,
          minmay_misc_feat_ornament
Temple:   dpeg_three_leaves_temple
Lair:1:   layout_gridlike, gammafunk_ghost_icy, uniq_gastronok
Lair:2:   layout_cave_pods, swamp_mist, infiniplex_staircase_pool_2
Lair:3:   layout_hall_layers, serial_bayou_shore_a
Lair:4:   layout_regular_city, nicolae_spider_entry_orb_guardian,
          gammafunk_ghost_hydra_chop, minivault_24, infiniplex_staircase_pool,
          lemuel_fruit_fields
Lair:5:   layout_roguey, slime_altar_2, grunt_megastairs_1
Swamp:1:  layout_falls_marsh, nicolae_swamp_trees_clearing, swamp_pool1
Swamp:2:  gammafunk_mikee_crab_dinner, layout_basic_swamp,
          evilmike_swamp_ruin_house_5, uniq_frances
Swamp:3:  layout_basic_swamp, lemuel_altar_in_water
Swamp:4:  swamp_icy, layout_basic_swamp
Spider:1: spiders_nest_a, drop_trap, uniq_aizul
Spider:2: layout_spider_delve
Spider:3: layout_spider_delve, worms_lemuel, uniq_nikola, uniq_kirke,
          uniq_louise, uniq_bai_suzhen, uniq_arachne
Spider:4: spider_rune_water
Orc:1:    layout_caves, minmay_orc_temple_c
Orc:2:    grunt_orc_gardens, layout_diamond_mine, grunt_orc_garden,
          grunt_orc_garden, grunt_orc_garden, grunt_orc_garden
Vaults:1: gammafunk_vaults_ghost_cemetery, v_misc_12,
          ontoclasm_vaults_ring_small, nicolae_vaults_stairing_the_circle,
          ontoclasm_vaults_loading_screen, nicolae_vaults_yaktaur_gun_rack,
          nicolae_vaults_ninety_degrees, ontoclasm_vaults_pinch,
          nicolae_vaults_windows_and_doors_thing, v_misc_33,
          ontoclasm_vaults_loading_screen, nicolae_vaults_little_ls,
          nicolae_vaults_specimen_jars, layout_vaults_ring, uniq_saint_roka
Vaults:2: vaults_room_pools, v_misc_26, hangedman_vaults_corner_blocks,
          vaults_room_boxed, v_misc_18, nicolae_vaults_bisected_exclaves,
          hangedman_vaults_river_flow, minmay_crypt_entry_simple_round,
          hangedman_vaults_nails, vaults_mumra_bighexcomb,
          layout_vaults_maze_bifur, uniq_donald, uniq_margery, uniq_sojobo

Skill      XL: |  1  2  3  4  5  6  7  8  9 10 11 12 13 14 15 16 17 |
---------------+----------------------------------------------------+-----
Fighting       | 3 4 5 6 7 8 9 10 11 12 13 14 | 14.3
Dodging        | 1 2 3 4 5 6 7 8 |  8.8
Axes           | 3 4 5 6 8 9 11 12 13 14 15 16 | 16.3
Armour         | 4 5 6 7 8 9 10 11 12 | 12.4
Shields        | 4 5 6 7 8 9 10 11 13 14 | 14.6
Invocations    | 1 2 3 4 5 7 9 10 12 14 15 16 17 | 17.1

Action                   |  1- 3 |  4- 6 |  7- 9 | 10-12 | 13-15 | 16-18 || total
-------------------------+-------+-------+-------+-------+-------+-------++-------
Melee: War axe           |   107 |    86 |   277 |   802 |       |       ||  1272
       Broad axe         |       |       |       |   133 |  1277 |   548 ||  1958
Invok: Lesser Servant of |       |       |       |    11 |    14 |     5 ||    30
       Greater Servant o |       |       |       |       |    14 |     9 ||    23
 Abil: Heal Wounds       |     2 |     4 |     5 |    15 |    36 |    26 ||    88
Evoke: Wand              |       |       |       |       |     5 |       ||     5
  Use: Scroll            |       |       |    10 |     7 |     8 |     5 ||    30
       Potion            |       |       |     1 |     1 |     4 |     1 ||     7
 Stab: Distracted        |       |       |       |       |     8 |     4 ||    12
       Confused          |       |       |       |       |     1 |     2 ||     3
  Eat: Chunk             |       |     1 |     9 |     7 |    18 |     2 ||    37
       Ration            |       |     1 |       |     5 |     1 |     2 ||     9
Armor: Scale mail        |    57 |    31 |       |       |       |       ||    88
       Plate armour      |       |     4 |    10 |       |       |       ||    14
       Chain mail        |       |       |   134 |   569 |   851 |   317 ||  1871
Dodge: Dodged            |    36 |    16 |    86 |   448 |   718 |   270 ||  1574
Block: Kite shield       |    64 |    57 |   177 |   718 |   123 |       ||  1139
       Tower shield      |       |       |       |       |  1645 |   800 ||  2445

Table legend:
 A = Non-vault XP
 B = Vault XP
 C = Vault XP percentage of total XP
 D = Non-vault monster count
 E = Vault monster count
 F = Vault count percentage of total count
                 A         B        C        D         E       F
            +---------+---------+-------+---------+---------+-------
      Total |  154290 |   85603 |  35.7 |     774 |     280 |  26.6
            +---------+---------+-------+---------+---------+-------
        D:1 |      10 |       0 |   0.0 |       6 |       0 |   0.0
        D:2 |      56 |       0 |   0.0 |      18 |       0 |   0.0
        D:3 |       7 |       0 |   0.0 |       4 |       0 |   0.0
        D:4 |     283 |       0 |   0.0 |      18 |       0 |   0.0
        D:5 |     470 |       0 |   0.0 |      13 |       0 |   0.0
        D:6 |     570 |     202 |  26.2 |      21 |       1 |   4.5
        D:7 |    1166 |     118 |   9.2 |      23 |       1 |   4.2
        D:8 |    1760 |       0 |   0.0 |      17 |       0 |   0.0
        D:9 |    1202 |    1837 |  60.4 |      15 |      26 |  63.4
       D:10 |    2086 |     378 |  15.3 |      35 |       2 |   5.4
       D:11 |    3426 |    3403 |  49.8 |      36 |      44 |  55.0
       D:12 |    4097 |     761 |  15.7 |      40 |      20 |  33.3
       D:13 |    5752 |       0 |   0.0 |      28 |       0 |   0.0
       D:14 |   12144 |    5402 |  30.8 |      59 |      25 |  29.8
       D:15 |    8864 |    1691 |  16.0 |      32 |       2 |   5.9
     Lair:1 |    1963 |       0 |   0.0 |       9 |       0 |   0.0
     Lair:2 |    3964 |       0 |   0.0 |      18 |       0 |   0.0
     Lair:3 |    3740 |       0 |   0.0 |      18 |       0 |   0.0
     Lair:4 |    3798 |    3335 |  46.8 |      18 |       5 |  21.7
     Lair:5 |     258 |       0 |   0.0 |       2 |       0 |   0.0
    Swamp:1 |    7015 |       0 |   0.0 |      25 |       0 |   0.0
    Swamp:2 |    4003 |    1616 |  28.8 |       8 |       1 |  11.1
    Swamp:3 |    5031 |       0 |   0.0 |      16 |       0 |   0.0
    Swamp:4 |    8762 |    6395 |  42.2 |      22 |      25 |  53.2
   Spider:1 |   11610 |    1186 |   9.3 |      35 |       1 |   2.8
   Spider:2 |   22512 |       0 |   0.0 |      61 |       0 |   0.0
   Spider:3 |    9289 |    9718 |  51.1 |      32 |      17 |  34.7
   Spider:4 |    8240 |   10789 |  56.7 |      30 |      23 |  43.4
      Orc:1 |    4698 |    2022 |  30.1 |      43 |      25 |  36.8
      Orc:2 |    4733 |    6943 |  59.5 |      47 |      27 |  36.5
   Vaults:1 |       0 |    8028 | 100.0 |       0 |      10 | 100.0
   Vaults:2 |   12781 |   21779 |  63.0 |      25 |      25 |  50.0
            +---------+---------+-------+---------+---------+-------
